Map: Acid Plant LE

Players

Zanster - Winner!

  • Race: Zerg Zerg
  • Spawn Location: 5:00

SpaceMarine

  • Race: Protoss Protoss
  • Spawn Location: 11:00

Event: WCS Valencia 2018

VOD

Have the link to the VOD?

Description

Time

  • Played on: July 12, 2018, 6:46 a.m.
  • Length: 5:21

All games in this series

Show
View Real Time Build Order
Export as new Build Order

Zanster Zerg - Winner!

Build Orders: Hatch First 

Get SALT Encoding   

  12  0:01  Drone  
  13  0:12  Overlord  
  13  0:17  Drone  
  14  0:31  Drone x2  
  14  0:35  Drone  
  17  0:52  Hatchery  
  17  0:55  Drone  
  17  0:57  Drone  
  18  1:05  Extractor  
  17  1:13  Spawning Pool  
  17  1:16  Drone  
  17  1:18  Drone  
  18  1:28  Drone  
  19  1:39  Drone  
  20  1:48  Hatchery  
  20  1:51  Drone  
  20  2:00  Zergling x2  
  21  2:04  Queen  
  23  2:10  Metabolic Boost  
  23  2:14  Drone  
  24  2:18  Drone  
  24  2:21  Drone  
  26  2:24  Drone  
  26  2:26  Drone  
  28  2:38  Roach Warren  
  28  2:40  Zergling x2  
  28  2:44  Overlord  
  28  2:48  Overlord  
  28  2:56  Overlord  
  28  3:10  Spore Crawler  
  28  3:18  Roach x6  
  40  3:23  Zergling x4  
  40  3:26  Roach  
  44  3:30  Overlord  
  44  3:34  Roach  
  44  3:37  Zergling x2  
  44  3:38  Zergling x2  
  48  3:42  Zergling x2  
  48  3:47  Zergling x2  
  48  3:48  Zergling x2  
  51  3:49  Zergling x2  
  51  3:52  Zergling x2  
  51  3:53  Zergling x2  
  54  4:01  Zergling x6  
  57  4:07  Overlord  
  57  4:09  Ravager  
  58  4:13  Zergling x4  
  59  4:30  Zergling x14  
  66  4:38  Zergling x6  
  67  4:51  Zergling x4  
  67  4:55  Zergling x10  
  70  5:02  Zergling x4  
Show
View Real Time Build Order
Export as new Build Order

SpaceMarine Protoss 

Build Orders: 1 Gate Expand, Mass Adepts 

Get SALT Encoding   

  12  0:00  Probe  
  13  0:12  Probe  
  14  0:20  Pylon  
  14  0:24  Probe  
  15  0:36  Probe  
  15  0:38  Gateway  
  16  0:44  Probe, Assimilator  
  17  0:52  Probe  
  18  1:04  Probe  
  19  1:20  Nexus  
  19  1:23  Probe  
  20  1:33  Cybernetics Core  
  20  1:36  Probe  
  21  1:41  Assimilator  
  21  1:48  Probe  
  21  1:51  Pylon  
  22  1:55  Warp Gate  
  22  2:01  Probe  
  23  2:07  Adept  
  23  2:10  Probe  
  26  2:18  Probe  
  27  2:25  Twilight Council  
  27  2:27  Adept, Probe  
  27  2:32  Probe  
  31  2:39  Probe  
  32  2:44  Probe  
  33  2:51  Probe  
  33  2:54  Sentry  
  33  2:56  Resonating Glaives, Probe  
  33  2:57  Gateway  
  37  3:03  Probe  
  38  3:08  Probe  
  37  3:13  Gateway  
  37  3:16  Probe  
  38  3:21  Probe  
  38  3:26  Assimilator  
  39  3:30  Stargate  
  39  3:31  Probe  
  39  3:34  Probe  
  41  3:40  Pylon  
  41  3:43  Probe  
  41  3:46  Probe  
  43  3:52  Gateway  
  43  3:55  Probe  
  43  3:57  Pylon  
  43  3:58  Probe  
  43  4:01  Assimilator  
  45  4:03  Adept, Pylon  
  45  4:04  Adept  
  45  4:07  Probe  
  50  4:10  Adept  
  50  4:16  Stargate  
  50  4:27  Adept, Void Ray  
  50  4:28  Adept  
  49  4:38  Adept  
  52  4:46  Adept  
  52  4:48  Adept  
  48  5:06  Adept  
Tags
 
Add a new tag
Caveats
  • Supply blocks, unpowered buildings, or Contaminate may cause inaccurate times.
  • Supply counts are checked every 10 seconds.